 Dungeon Sprint DCSS version 0.26-a0-757-g626ac9e51a (webtiles) character file.

Game seed: 11833240738651684711

6344 rocky1 the Gelid (level 10, -12/56 HPs)
             Began as a Deep Elf Ice Elementalist on Nov 8, 2020.
             Was the Champion of Sif Muna.
             Mangled by a bog body (27 damage)
             ... in the Dungeon (Sprint VII: "The Pits").
             The game lasted 00:16:35 (2988 turns).

rocky1 the Gelid (Deep Elf Ice Elementalist)        Turns: 2988, Time: 00:16:35

Health: -12/56     AC: 15    Str:  8    XL:     10   Next: 64%
Magic:  11/27      EV: 19    Int: 27    God:    Sif Muna [******]
Gold:   0          SH:  0    Dex: 15    Spells: 9/32 levels left

rFire    . . .     SeeInvis .   m - +1 quarterstaff (speed)
rCold    . . .     Faith    .   (shield currently unavailable)
rNeg     . . .     Spirit   .   a - +0 robe
rPois    .         Reflect  .   (no helmet)
rElec    .         Harm     .   s - +0 cloak
rCorr    .         Rampage  .   (no gloves)
MR       +....     NoTele   +   r - +0 pair of boots
Stlth    +++.......             (no amulet)
HPRegen  0.18/turn              l - +3 ring of intelligence
MPRegen  0.20/turn              n - +3 ring of strength

@: icy armour, frozen ramparts, slowed, very slow
A: no striking features
a: Channel Magic, Forget Spell, Divine Exegesis, Renounce Religion


You were in the Dungeon.
You worshipped Sif Muna.
Sif Muna was exalted by your worship.
You visited 1 branch

Inventory:

Hand Weapons
 m - a +1 quarterstaff of speed (weapon)
 q - a +0 lajatang
Armour
 a - a +0 robe (worn)
 r - a +0 pair of boots (worn)
 s - a +0 cloak (worn)
Jewellery
 l - a +3 ring of intelligence (left hand)
 n - a +3 ring of strength (right hand)
Scrolls
 h - a scroll of blinking
 i - 3 scrolls of remove curse
 j - 5 scrolls of amnesia
 k - a scroll of summoning
Potions
 b - 2 potions of invisibility
 c - 6 potions of curing
 d - 7 potions of heal wounds
 e - a potion of haste
 f - 4 potions of magic
 g - 3 potions of berserk rage
 o - 2 potions of might
 p - 2 potions of mutation


   Skills:
 - Level 4.0 Fighting
 + Level 8.2 Staves
 - Level 3.6 Armour
 + Level 10.5 Dodging
 - Level 6.2 Stealth
 - Level 11.6 Spellcasting
 - Level 7.1 Conjurations
 + Level 5.1 Transmutations
 - Level 15.7 Ice Magic
 + Level 5.1 Earth Magic
 + Level 10.2 Invocations


You had 9 spell levels left.
You knew the following spells:

 Your Spells              Type           Power        Failure   Level
a - Freeze                Ice            ####         0%          1
b - Frozen Ramparts       Ice            ######       0%          3
c - Ozocubu's Armour      Ice            #######.     0%          3
d - Hailstorm             Conj/Ice       ######..     1%          4
e - Statue Form           Tmut/Erth      #####....    54%         6
f - Ozocubu's Refrigerat  Ice            #######...   1%          6

Your spell library contained the following spells:

 Spells                   Type           Power        Failure   Level
 Shock                    Conj/Air       ####         1%          1
 Ensorcelled Hibernation  Hex/Ice        ######       1%          2
 Stone Arrow              Conj/Erth      #####.       1%          3
 Summon Ice Beast         Ice/Summ       ######..     1%          4
 Static Discharge         Conj/Air       ####....     2%          3
 Metabolic Englaciation   Hex/Ice        ######....   4%          5
 Ignite Poison            Fire/Tmut/Pois ####....     5%          3
 Iskenderun's Battlesphe  Conj           ######..     5%          5
 Fulminant Prism          Conj/Hex       ####......   9%          4
 Leda's Liquefaction      Hex/Erth       ####......   12%         4
 Bolt of Magma            Conj/Fire/Erth #####.....   19%         5
 Simulacrum               Ice/Necr       ######....   22%         6
 Fireball                 Conj/Fire      ####......   24%         5
 Lightning Bolt           Conj/Air       ####......   24%         5
 Olgreb's Toxic Radiance  Pois           ###.....     34%         4
 Alistair's Intoxication  Tmut/Pois      ####.....    34%         5
 Summon Forest            Summ/Tloc      ###.......   69%         5
 Orb of Destruction       Conj           ######....   86%         7
 Disjunction              Tloc           ###.......   100%        8
 Ignition                 Fire           ###.......   100%        8
 Fire Storm               Conj/Fire      ####......   100%        9
 Shatter                  Erth           #####.....   100%        9
 Tornado                  Air            ###.......   100%        9


Dungeon Overview and Level Annotations

Branches:
Dungeon (1/1)

Altars:
Ashenzari
Cheibriados
Dithmenos
Elyvilon
Fedhas
Gozag
Hepliaklqana
Kikubaaqudgha
Makhleb
Nemelex Xobeh
Okawaru
Qazlal
Ru
Sif Muna
Trog
Uskayaw
Vehumet
Wu Jian
Xom
Yredelemnul
Zin
The Shining One
Beogh
Jiyva
Lugonu


Message History

Casting: Hailstorm (safe; 1% risk of failure)
Confirm with . or Enter, or press ? or * to list all spells.
A film of ice covers your body! The bog body casts a spell at you.
You feel yourself slow down.
Unknown command.
Casting: Ozocubu's Armour (safe; 0% risk of failure)
Confirm with . or Enter, or press ? or * to list all spells.
The walls around you are covered in ice.
The bog body resists.
The wall freezes the bog body.
The bog body gestures at you while chanting.
The bolt of cold hits you!!
The bog body resists.
The wall freezes the bog body.
The bog body touches you. The bog body freezes you!!
* * * LOW HITPOINT WARNING * * *
You feel much better.
The bog body resists.
The wall freezes the bog body.
The bog body touches you!
* * * LOW HITPOINT WARNING * * *
The bog body freezes you!!
You die...

..##......# #.......#
..###....##
####)).### ..# ##''##
###..')..+
..###....###....##+##
..##......#....##
####......'....+
####......#....##
..###....###....##+##
[[# ##''## ###..@..†+
.)###..).##
####n).###
))##......# #..)†...#
))##......#
#.n.).....#
###########
###########


You could see a bog body.

Vanquished Creatures
  2 flayed ghosts (D)
  A bog body (D)
  A manticore (D)
  A kobold demonologist (D)
  2 red devils (D)
  A tyrant leech (D)
  5 dream sheep (D)
  A spriggan (D)
  A fire bat (D)
  6 yaks (D)
  A floating eye (D)
  A sky beast (D)
  2 necrophages (D)
  An eye of draining (D)
  A phantom (D)
  6 wolves (D)
  2 big kobolds (D)
  A gnoll sergeant (D)
  A hound (D)
  A quasit (D)
  An orc priest (D)
  An orc wizard (D)
  An iguana (D)
  A worker ant (D)
  A hell rat (D)
  A mummy (D)
  5 gnolls (D)
  2 adders (D)
  An adder simulacrum (D)
  A leopard gecko (D)
  3 orcs (D)
  A ball python (D)
  2 bat skeletons (D)
  A bat zombie (D)
  A goblin (D)
  4 jackals (D)
  A frilled lizard (D)
  A rat (D)
67 creatures vanquished.

Notes
Turn   | Place    | Note
-------+----------+-------------------------------------------
     0 | D        | rocky1 the Deep Elf Ice Elementalist began the quest for
                  | the Orb.
     0 | D        | Reached XP level 1. HP: 10/10 MP: 6/6
    11 | D        | Noticed a worker ant
    19 | D        | Killed a worker ant
    19 | D        | Reached skill level 7 in Ice Magic
    19 | D        | Reached XP level 2. HP: 15/15 MP: 0/8
   112 | D        | Found a bloodstained altar of Trog.
   112 | D        | Found a shimmering blue altar of Sif Muna.
   112 | D        | Found a viscous altar of Jiyva.
   112 | D        | Found a hazy altar of Hepliaklqana.
   112 | D        | Found an opulent altar of Gozag.
   113 | D        | Found a glowing golden altar of the Shining One.
   113 | D        | Found a glowing silver altar of Zin.
   113 | D        | Found a basalt altar of Yredelemnul.
   113 | D        | Found a shimmering altar of Xom.
   113 | D        | Found an ornate altar of the Wu Jian Council.
   113 | D        | Found a sacrificial altar of Ru.
   113 | D        | Found a stormy altar of Qazlal.
   113 | D        | Found an iron altar of Okawaru.
   113 | D        | Found a sparkling altar of Nemelex Xobeh.
   113 | D        | Found a burning altar of Makhleb.
   113 | D        | Found a blossoming altar of Fedhas.
   113 | D        | Found a white marble altar of Elyvilon.
   113 | D        | Found a shadowy altar of Dithmenos.
   113 | D        | Found a snail-covered altar of Cheibriados.
   115 | D        | Found a radiant altar of Vehumet.
   115 | D        | Found a corrupted altar of Lugonu.
   115 | D        | Found a roughly hewn altar of Beogh.
   116 | D        | Found a hide-covered altar of Uskayaw.
   116 | D        | Found an ancient bone altar of Kikubaaqudgha.
   116 | D        | Found a broken altar of Ashenzari.
   120 | D        | Became a worshipper of Sif Muna the Loreminder
   138 | D        | Reached skill level 8 in Ice Magic
   138 | D        | Reached XP level 3. HP: 17/19 MP: 5/9
   406 | D        | Reached * piety under Sif Muna
   441 | D        | Reached ** piety under Sif Muna
   483 | D        | Learned a level 3 spell: Frozen Ramparts
   487 | D        | Learned a level 3 spell: Ozocubu's Armour
   489 | D        | Noticed a floating eye
   489 | D        | Noticed a necrophage
   494 | D        | Paralysed by a floating eye for 3 turns
   494 | D        | Reached skill level 9 in Ice Magic
   494 | D        | Killed a floating eye
   494 | D        | Reached skill level 11 in Ice Magic
   494 | D        | Reached XP level 4. HP: 24/24 MP: 3/10
   494 | D        | Reached XP level 5. HP: 28/28 MP: 3/11
   503 | D        | Killed a necrophage
   503 | D        | Reached *** piety under Sif Muna
   503 | D        | Reached skill level 13 in Ice Magic
   647 | D        | Reached XP level 6. HP: 31/31 MP: 9/14
   649 | D        | Reached **** piety under Sif Muna
   672 | D        | Reached skill level 5 in Spellcasting
   921 | D        | Reached ***** piety under Sif Muna
   921 | D        | Reached skill level 1 in Fighting
   921 | D        | Reached skill level 1 in Staves
   921 | D        | Reached skill level 1 in Armour
   921 | D        | Reached skill level 14 in Ice Magic
  1080 | D        | Noticed a fire bat
  1082 | D        | Reached XP level 7. HP: 17/36 MP: 12/19
  1084 | D        | Killed a fire bat
  1084 | D        | Reached skill level 5 in Invocations
  1091 | D        | Identified Akefiupa's Collected Works on Ice (Sif Muna
                  | gifted it to you in the Dungeon)
  1091 | D        | Received a gift from Sif Muna
  1332 | D        | Noticed a manticore
  1341 | D        | Reached skill level 5 in Stealth
  1341 | D        | HP: 2/40 [manticore (3)]
  1342 | D        | Killed a manticore
  1342 | D        | Reached skill level 5 in Dodging
  1342 | D        | Reached XP level 8. HP: 3/46 MP: 11/22
  1753 | D        | Learned a level 4 spell: Hailstorm
  1788 | D        | Reached skill level 1 in Conjurations
  1834 | D        | Noticed a bog body
  1834 | D        | Noticed a swamp dragon
  1847 | D        | Identified Sif Muna's Tome of Harmful Stones (Sif Muna
                  | gifted it to you in the Dungeon)
  1847 | D        | Received a gift from Sif Muna
  1899 | D        | Reached skill level 5 in Staves
  1900 | D        | Reached XP level 9. HP: 27/51 MP: 10/24
  1903 | D        | Reached skill level 15 in Ice Magic
  2058 | D        | Noticed a kobold demonologist
  2060 | D        | Identified Sif Muna's Compendium of the Earthen Traveller
                  | (Sif Muna gifted it to you in the Dungeon)
  2060 | D        | Received a gift from Sif Muna
  2060 | D        | Reached skill level 10 in Spellcasting
  2061 | D        | Reached skill level 5 in Conjurations
  2062 | D        | Noticed an ice devil
  2062 | D        | Killed a kobold demonologist
  2138 | D        | Noticed a flayed ghost
  2138 | D        | Noticed a flayed ghost
  2138 | D        | Noticed a tyrant leech
  2192 | D        | Learned a level 6 spell: Statue Form
  2214 | D        | HP: 1/51 [flayed ghost (15)]
  2229 | D        | Killed a flayed ghost
  2229 | D        | Identified Sif Muna's Papyrus of Congealing Poisoning (Sif
                  | Muna gifted it to you in the Dungeon)
  2229 | D        | Received a gift from Sif Muna
  2229 | D        | Reached skill level 1 in Transmutations
  2229 | D        | Reached skill level 1 in Earth Magic
  2346 | D        | Learned a level 6 spell: Ozocubu's Refrigeration
  2379 | D        | Killed a tyrant leech
  2379 | D        | Reached XP level 10. HP: 56/56 MP: 8/27
  2514 | D        | Killed a flayed ghost
  2674 | D        | Identified Sif Muna's Handbook of Contamination and Heat
                  | (Sif Muna gifted it to you in the Dungeon)
  2674 | D        | Received a gift from Sif Muna
  2676 | D        | Noticed a bog body
  2687 | D        | Killed a bog body
  2973 | D        | Reached skill level 10 in Dodging
  2973 | D        | Reached ****** piety under Sif Muna
  2973 | D        | Reached skill level 10 in Invocations
  2973 | D        | Received a gift from Sif Muna
  2974 | D        | Reached skill level 5 in Transmutations
  2974 | D        | Reached skill level 5 in Earth Magic
  2979 | D        | Noticed a bog body
  2987 | D        | HP: 2/56 [bog body (25)]
  2988 | D        | Mangled by a bog body

Illustrated notes

Levels and vault maps discovered:
D:        pitsprint [storerooms_1, entrance_room_1, metal_vault_2, armoury_1,
          mini_pit_1, grid_room_1, main_hall_1, silver_pit, the_coven_1,
          the_vestibule_1, steel_vault_1, golden_pit, hallway_of_sentries,
          crystal_vault_2, iron_vault_1, final_vault]

Skill      XL: |  1  2  3  4  5  6  7  8  9 10 |
---------------+-------------------------------+-----
Ice Magic      | 7 8 11 13 14 15 | 15.7
Spellcasting   | 4 6 8 9 11 | 11.6
Invocations    | 2 4 6 7 9 10 | 10.2
Fighting       | 1 3 4 |  4.0
Staves         | 1 3 5 7 8 |  8.2
Armour         | 1 3 |  3.6
Dodging        | 3 5 7 9 10 | 10.5
Stealth        | 3 5 6 |  6.2
Conjurations   | 3 6 7 |  7.1
Transmutations | 2 5 |  5.1
Earth Magic    | 2 5 |  5.1

Action                   |  1- 3 |  4- 6 |  7- 9 | 10-12 || total
-------------------------+-------+-------+-------+-------++-------
Melee: Quarterstaff      |     6 |    30 |    48 |    11 ||    95
 Cast: Freeze            |    15 |       |     5 |       ||    20
       Frozen Ramparts   |     1 |     6 |     7 |     4 ||    18
       Ozocubu's Armour  |     1 |     3 |     7 |     4 ||    15
       Hailstorm         |       |       |    11 |    10 ||    21
Invok: Channel Magic     |       |       |     1 |     1 ||     2
  Use: Potion            |       |       |     3 |     3 ||     6
 Stab: Sleeping          |     1 |       |       |       ||     1
Armor: Robe              |     7 |     5 |    14 |     2 ||    28
Dodge: Dodged            |    24 |    13 |    42 |    12 ||    91

Table legend: (Time is in decaauts)
 A = Elapsed time spent in this place.
 B = Non-inter-level travel time spent in this place.
 C = Inter-level travel time spent in this place.
 D = Time resting spent in this place.
 E = Time spent auto-exploring this place.
 F = Levels seen in this place.
 G = Mean time per level.
                   A        B        C        D        E       F      G
               +--------+--------+--------+--------+--------+-----+--------+
         Total |   2982 |   2982 |      0 |   2182 |      0 |   1 | 2982.0 |
       Dungeon |   2982 |   2982 |      0 |   2182 |      0 |   1 | 2982.0 |
               +--------+--------+--------+--------+--------+-----+--------+

Top non-repeatable levels by time:
       D: 2982 daAuts
